WIN
TORONTO (WIN) BLUE JAYS @ OAKLAND (WIN) ATHLETICS
12/24/2048
 
TOP OF THE 1ST
Toronto (WIN) Blue Jays batting - Pitching for Oakland (WIN) Athletics : RHP Danny Nsoah
Pitching: RHP Danny Nsoah
Batting: RHB Bobby Lasaguna 0-0: Swinging Strike
0-1: Foul Ball, location: 2F
0-2: Foul Ball, location: 2F
0-2: Ball
1-2: Strikes out swinging
Batting: RHB Tokuji Kawabata 0-0: Hit by Pitch
Batting: SHB Dominik Hasek II 0-0: Ball
1-0: Ball
2-0: Called Strike
2-1: 2-RUN HOME RUN (Flyball, 7LD, EV 94.4 MPH), Distance : 342 ft
Batting: LHB Gabe Pace 0-0: Fly out, F7 (Flyball, 78M, EV 78.8 MPH)
Batting: RHB Bryan Peterson 0-0: Ball
1-0: Ball
2-0: Ball
3-0: Called Strike
3-1: Fly out, F4 (Flyball, 34D, EV 86.9 MPH)
Top of the 1st over - 2 runs, 1 hit, 0 errors, 0 left on base; Toronto (WIN) 2 - Oakland (WIN) 0
BOTTOM OF THE 1ST
Oakland (WIN) Athletics batting - Pitching for Toronto (WIN) Blue Jays : RHP Dan Korte
Pitching: RHP Dan Korte
Batting: SHB Robert Santiago 0-0: Fly out, F8 (Flyball, 8RXD, EV 103.1 MPH)
Batting: LHB Tomas Segarra 0-0: Called Strike
0-1: Called Strike
0-2: Strikes out looking
Batting: RHB Tim Cordle 0-0: Ball
1-0: Ball
2-0: Called Strike
2-1: Called Strike
2-2: SINGLE (Groundball, 25, EV 64.4 MPH) (infield hit)
Batting: RHB David Herrera 0-0: Called Strike
0-1: Foul Ball, location: 2F
0-2: Ball
1-2: Ball
2-2: SINGLE (Line Drive, 9S, EV 103.8 MPH)
Tim Cordle to second
Batting: LHB Al Hernandez 0-0: Called Strike
0-1: Foul Ball, location: 2F
0-2: Ball
1-2: Foul Ball, location: 2F
1-2: Foul Ball, location: 2F
1-2: Ball
2-2: Foul Ball, location: 2F
2-2: Foul Ball, location: 2F
2-2: Ball
3-2: Fly out, F2 (Popup, 2L, EV 90.0 MPH)
Bottom of the 1st over - 0 runs, 2 hits, 0 errors, 2 left on base; Toronto (WIN) 2 - Oakland (WIN) 0
TOP OF THE 2ND
Toronto (WIN) Blue Jays batting - Pitching for Oakland (WIN) Athletics : RHP Danny Nsoah
Batting: RHB Stephen Casteel 0-0: Ball
1-0: Ground out 4-3 (Groundball, 4, EV 101.9 MPH)
Batting: RHB Justin Powell 0-0: TRIPLE (Line Drive, 9D, EV 103.1 MPH)
Batting: LHB Kurt Estep 0-0: Ball
1-0: Called Strike
1-1: Ball
2-1: Ball
3-1: Fly out, F7 (Flyball, 78M, EV 90.6 MPH)
Runner from 3rd tags up, OUT at HOME! 7-2
Top of the 2nd over - 0 runs, 1 hit, 0 errors, 0 left on base; Toronto (WIN) 2 - Oakland (WIN) 0
BOTTOM OF THE 2ND
Oakland (WIN) Athletics batting - Pitching for Toronto (WIN) Blue Jays : RHP Dan Korte
Batting: RHB Jonathan Ellis 0-0: Swinging Strike
0-1: Swinging Strike
0-2: Ball
1-2: DOUBLE (Line Drive, 89D, EV 111.9 MPH)
Batting: LHB Nate Melendez 0-0: Ball
1-0: Ball
2-0: Called Strike
2-1: Foul Ball, location: 2F
2-2: Strikes out swinging
Batting: RHB David Sharp 0-0: Ball
1-0: Called Strike
1-1: Foul Ball, location: 2F
1-2: Reached via error on a dropped throw from 3B, E3 (Groundball, 56, EV 108.1 MPH)
Jonathan Ellis to third
Batting: RHB Micah Roth 0-0: Called Strike
0-1: Foul Ball, location: 2F
Pickoff Throw to First - Out! 1-3
0-2: Foul Ball, location: 2F
0-2: Ball
1-2: Fly out, F3 (Popup, 3SF, EV 77.5 MPH)
Bottom of the 2nd over - 0 runs, 1 hit, 1 error, 1 left on base; Toronto (WIN) 2 - Oakland (WIN) 0
TOP OF THE 3RD
Toronto (WIN) Blue Jays batting - Pitching for Oakland (WIN) Athletics : RHP Danny Nsoah
Batting: RHB Luis Reyes 0-0: Called Strike
0-1: Called Strike
0-2: Ball
1-2: Foul Ball, location: 2F
1-2: Strikes out looking
Batting: RHB Bobby Lasaguna 0-0: Ball
1-0: Foul Ball, location: 2F
1-1: SINGLE (Groundball, 4MD, EV 96.2 MPH)
Batting: RHB Tokuji Kawabata 0-0: Ball
1-0: Fly out, F8 (Flyball, 78M, EV 91.9 MPH)
Batting: SHB Dominik Hasek II 0-0: Ball
Bobby Lasaguna steals 2nd base
1-0: Foul Ball, location: 2F
1-1: Foul Ball, location: 2F
1-2: Ground out 4-3 (Groundball, 4MD, EV 86.9 MPH)
Top of the 3rd over - 0 runs, 1 hit, 0 errors, 1 left on base; Toronto (WIN) 2 - Oakland (WIN) 0
BOTTOM OF THE 3RD
Oakland (WIN) Athletics batting - Pitching for Toronto (WIN) Blue Jays : RHP Dan Korte
Batting: SHB Robert Santiago 0-0: Ball
1-0: Called Strike
1-1: Called Strike
1-2: Ball
2-2: Strikes out looking
Batting: LHB Tomas Segarra 0-0: Swinging Strike
0-1: Called Strike
0-2: Strikes out swinging
Batting: RHB Tim Cordle 0-0: SINGLE (Groundball, 4MD, EV 96.9 MPH)
Batting: RHB David Herrera 0-0: Ball
Tim Cordle is caught stealing 2nd base 2-4
Bottom of the 3rd over - 0 runs, 1 hit, 0 errors, 0 left on base; Toronto (WIN) 2 - Oakland (WIN) 0
TOP OF THE 4TH
Toronto (WIN) Blue Jays batting - Pitching for Oakland (WIN) Athletics : RHP Danny Nsoah
Batting: LHB Gabe Pace 0-0: Ball
1-0: Ball
2-0: Ball
3-0: Called Strike
3-1: Foul Ball, location: 2F
3-2: Foul Ball, location: 2F
3-2: Foul Ball, location: 2F
3-2: Ground out U3 (Groundball, 3S, EV 83.1 MPH)
Batting: RHB Bryan Peterson 0-0: SINGLE (Groundball, 6S, EV 96.9 MPH)
Batting: RHB Stephen Casteel 0-0: Ball
1-0: Fly out, F7 (Line Drive, 78M, EV 85.6 MPH)
Batting: RHB Justin Powell 0-0: Ball
1-0: Ball
2-0: Swinging Strike
2-1: Fielders Choice at 2nd, 6-4 (Groundball, 6, EV 86.9 MPH)
Top of the 4th over - 0 runs, 1 hit, 0 errors, 1 left on base; Toronto (WIN) 2 - Oakland (WIN) 0
BOTTOM OF THE 4TH
Oakland (WIN) Athletics batting - Pitching for Toronto (WIN) Blue Jays : RHP Dan Korte
Batting: RHB David Herrera 0-0: Foul Ball, location: 2F
0-1: Ball
1-1: Fly out, F9 (Flyball, 9D, EV 96.9 MPH)
Batting: LHB Al Hernandez 0-0: Ball
1-0: Ball
2-0: Ball
3-0: Base on Balls
Batting: RHB Jonathan Ellis 0-0: SINGLE (Line Drive, 4MD, EV 96.2 MPH)
Al Hernandez to second
Batting: LHB Nate Melendez 0-0: Called Strike
0-1: Ball
1-1: Ground out 4-3 (Groundball, 34D, EV 98.8 MPH)
Al Hernandez to third
Jonathan Ellis to second
Batting: RHB David Sharp 0-0: Ball
1-0: Foul Ball, location: 2F
1-1: Ball
2-1: Foul Ball, location: 2F
2-2: Ground out 3-1 (Groundball, 34S, EV 86.2 MPH)
Bottom of the 4th over - 0 runs, 1 hit, 0 errors, 2 left on base; Toronto (WIN) 2 - Oakland (WIN) 0
TOP OF THE 5TH
Toronto (WIN) Blue Jays batting - Pitching for Oakland (WIN) Athletics : RHP Danny Nsoah
Batting: LHB Kurt Estep 0-0: Foul Ball, location: 2F
0-1: Fly out, F8 (Flyball, 78S, EV 81.9 MPH)
Batting: RHB Luis Reyes 0-0: Called Strike
0-1: Ball
1-1: Ball
2-1: Ball
3-1: Base on Balls
Batting: RHB Bobby Lasaguna 0-0: Ball
1-0: Called Strike
1-1: Called Strike
1-2: Ball
2-2: Fielders Choice at 2nd, 1-4 (Groundball, 15S, EV 68.1 MPH)
Batting: RHB Tokuji Kawabata 0-0: Ball
1-0: Called Strike
Bobby Lasaguna is caught stealing 2nd base 2-4
Top of the 5th over - 0 runs, 0 hits, 0 errors, 0 left on base; Toronto (WIN) 2 - Oakland (WIN) 0
BOTTOM OF THE 5TH
Oakland (WIN) Athletics batting - Pitching for Toronto (WIN) Blue Jays : RHP Dan Korte
Batting: RHB Micah Roth 0-0: Called Strike
0-1: Called Strike
0-2: Strikes out swinging
Batting: SHB Robert Santiago 0-0: Foul Ball, location: 2F
0-1: Ball
1-1: Ball
2-1: Swinging Strike
2-2: SINGLE (Groundball, 4M, EV 85.6 MPH) (infield hit)
Batting: LHB Tomas Segarra 0-0: Called Strike
0-1: Called Strike
Robert Santiago is caught stealing 2nd base 2-6
0-2: Foul Ball, location: 2F
0-2: Ball
1-2: Foul Ball, location: 2F
1-2: Strikes out swinging
Bottom of the 5th over - 0 runs, 1 hit, 0 errors, 0 left on base; Toronto (WIN) 2 - Oakland (WIN) 0
TOP OF THE 6TH
Toronto (WIN) Blue Jays batting - Pitching for Oakland (WIN) Athletics : RHP Danny Nsoah
Batting: RHB Tokuji Kawabata 0-0: Ball
1-0: Bunted foul
1-1: Called Strike
1-2: Foul Ball, location: 2F
1-2: Ball
2-2: Foul Ball, location: 2F
2-2: Ball
3-2: Base on Balls
Batting: SHB Dominik Hasek II 0-0: Foul Ball, location: 2F
0-1: Ball
1-1: Ball
2-1: SINGLE (Groundball, 4MD, EV 98.8 MPH)
Tokuji Kawabata to second
Runner from 2nd tries for 3rd, SAFE, throw by CF made to third
Batting: LHB Gabe Pace 0-0: Ball
Dominik Hasek II is caught stealing 2nd base 2-6
1-0: Ball
2-0: Ball
3-0: Base on Balls
Batting: RHB Bryan Peterson 0-0: Foul Ball, location: 2F
0-1: Foul Ball, location: 2F
0-2: Ball
1-2: Strikes out swinging
Batting: RHB Stephen Casteel 0-0: Ball
1-0: Ball
2-0: Swinging Strike
2-1: Ball
3-1: Fielders Choice at 2nd, 5-4 (Groundball, 5, EV 101.9 MPH)
Top of the 6th over - 0 runs, 1 hit, 0 errors, 2 left on base; Toronto (WIN) 2 - Oakland (WIN) 0
BOTTOM OF THE 6TH
Oakland (WIN) Athletics batting - Pitching for Toronto (WIN) Blue Jays : RHP Dan Korte
Batting: RHB Tim Cordle 0-0: Ball
1-0: Called Strike
1-1: Ball
2-1: SINGLE (Line Drive, 8LS, EV 92.5 MPH)
Pitching: LHP Bryan Reynolds
Batting: RHB David Herrera 0-0: Called Strike
0-1: Ball
1-1: Grounds into double play, 5-4-3 (Groundball, 56, EV 90.6 MPH)
Batting: LHB Al Hernandez 0-0: Called Strike
0-1: Ball
1-1: Called Strike
1-2: Ground out 4-3 (Groundball, 4, EV 103.1 MPH)
Bottom of the 6th over - 0 runs, 1 hit, 0 errors, 0 left on base; Toronto (WIN) 2 - Oakland (WIN) 0
TOP OF THE 7TH
Toronto (WIN) Blue Jays batting - Pitching for Oakland (WIN) Athletics : RHP Danny Nsoah
Batting: RHB Justin Powell 0-0: Ball
1-0: Ball
2-0: SINGLE (Line Drive, 78S, EV 101.9 MPH)
Batting: LHB Kurt Estep 0-0: Ball
1-0: DOUBLE (Line Drive, 78D, EV 109.4 MPH)
Justin Powell to third
Batting: RHB Luis Reyes 0-0: Ball
1-0: DOUBLE (Line Drive, 89XD, EV 100.0 MPH)
Justin Powell scores
Kurt Estep scores
Batting: RHB Bobby Lasaguna 0-0: Ball
1-0: Ball
2-0: Ball
3-0: Base on Balls
Batting: RHB Tokuji Kawabata 0-0: SINGLE (Groundball, 56, EV 95.6 MPH)
Luis Reyes to third
Bobby Lasaguna to second
Runner from 3rd tries for Home, SAFE, throw by LF to home
Pitching: LHP Rich Byrd
Batting: SHB Dominik Hasek II 0-0: Ball
Bobby Lasaguna steals 3rd base
Tokuji Kawabata to second
1-0: Called Strike
1-1: Ball
2-1: Swinging Strike
2-2: Ball
3-2: Fly out, F8 (Flyball, 8RD, EV 102.5 MPH)
Runner from 3rd tags up, SCORES, no throw by CF
Batting: LHB Gabe Pace 0-0: Called Strike
0-1: Ball
1-1: Ball
2-1: Called Strike
2-2: Strikes out swinging
Batting: RHB Bryan Peterson 0-0: Fly out, F9 (Flyball, 9LM, EV 94.4 MPH)
Top of the 7th over - 4 runs, 4 hits, 0 errors, 1 left on base; Toronto (WIN) 6 - Oakland (WIN) 0
BOTTOM OF THE 7TH
Oakland (WIN) Athletics batting - Pitching for Toronto (WIN) Blue Jays : LHP Bryan Reynolds
Now at C: Bobby Lasaguna
Now at 1B: Rodrigo Briceno
Batting: RHB Jonathan Ellis 0-0: Ball
1-0: Foul Ball, location: 2F
1-1: Called Strike
1-2: Foul Ball, location: 2F
1-2: Strikes out looking
Batting: LHB Nate Melendez 0-0: Foul Ball, location: 2F
0-1: Ball
1-1: Foul Ball, location: 2F
1-2: Foul Ball, location: 2F
1-2: Ground out 4-3 (Groundball, 4, EV 98.1 MPH)
Batting: RHB David Sharp 0-0: Called Strike
0-1: Swinging Strike
0-2: Ball
1-2: Strikes out looking
Bottom of the 7th over - 0 runs, 0 hits, 0 errors, 0 left on base; Toronto (WIN) 6 - Oakland (WIN) 0
TOP OF THE 8TH
Toronto (WIN) Blue Jays batting - Pitching for Oakland (WIN) Athletics : LHP Rich Byrd
Batting: RHB Stephen Casteel 0-0: Ground out 4-3 (Groundball, 4M, EV 107.5 MPH)
Batting: RHB Justin Powell 0-0: Ball
1-0: Called Strike
1-1: Ball
2-1: Foul Ball, location: 2F
2-2: Foul Ball, location: 2F
2-2: Foul Ball, location: 2F
2-2: Fly out, F3 (Line Drive, 3, EV 70.6 MPH)
Batting: LHB Kurt Estep 0-0: Ball
1-0: Fly out, F7 (Flyball, 78S, EV 96.9 MPH)
Top of the 8th over - 0 runs, 0 hits, 0 errors, 0 left on base; Toronto (WIN) 6 - Oakland (WIN) 0
BOTTOM OF THE 8TH
Oakland (WIN) Athletics batting - Pitching for Toronto (WIN) Blue Jays : LHP Bryan Reynolds
Batting: RHB Micah Roth 0-0: Ball
1-0: Called Strike
1-1: Ball
2-1: Foul Ball, location: 2F
2-2: Ball
3-2: Strikes out swinging
Batting: SHB Robert Santiago 0-0: Called Strike
0-1: Called Strike
0-2: Strikes out swinging
Batting: LHB Tomas Segarra 0-0: Ball
1-0: Called Strike
1-1: SINGLE (Groundball, 34S, EV 70.6 MPH) (infield hit)
Batting: RHB Tim Cordle 0-0: Ball
1-0: SINGLE (Groundball, 4MD, EV 101.2 MPH)
Tomas Segarra to second
Runner from 2nd tries for 3rd, SAFE, throw by CF made at trailing runner, OUT! 8-6
Bottom of the 8th over - 0 runs, 2 hits, 0 errors, 1 left on base; Toronto (WIN) 6 - Oakland (WIN) 0
TOP OF THE 9TH
Toronto (WIN) Blue Jays batting - Pitching for Oakland (WIN) Athletics : LHP Rich Byrd
Batting: RHB Luis Reyes 0-0: Called Strike
0-1: Swinging Strike
0-2: Ball
1-2: Ball
2-2: Strikes out swinging
Batting: RHB Bobby Lasaguna 0-0: Ball
1-0: Foul Ball, location: 2F
1-1: Ball
2-1: Ground out 6-3 (Groundball, 6, EV 79.4 MPH)
Batting: RHB Tokuji Kawabata 0-0: Ball
1-0: Ground out 6-3 (Groundball, 6S, EV 81.2 MPH)
Top of the 9th over - 0 runs, 0 hits, 0 errors, 0 left on base; Toronto (WIN) 6 - Oakland (WIN) 0
BOTTOM OF THE 9TH
Oakland (WIN) Athletics batting - Pitching for Toronto (WIN) Blue Jays : LHP Bryan Reynolds
Pitching: LHP Antonio Villarreal
Batting: RHB David Herrera 0-0: Foul Ball, location: 2F
0-1: Foul Ball, location: 2F
0-2: Foul Ball, location: 2F
0-2: Foul Ball, location: 2F
0-2: Ball
1-2: Ball
2-2: Ball
3-2: Foul Ball, location: 2F
3-2: Foul Ball, location: 2F
3-2: Foul Ball, location: 2F
3-2: Foul Ball, location: 2F
3-2: Foul Ball, location: 2F
3-2: Strikes out looking
Batting: LHB Al Hernandez 0-0: Called Strike
0-1: Called Strike
0-2: Ball
1-2: Ball
2-2: Strikes out looking
Batting: RHB Jonathan Ellis 0-0: Ball
1-0: Ball
2-0: Called Strike
2-1: Foul Ball, location: 2F
2-2: Ball
3-2: Ground out 6-3 (Groundball, 6, EV 100.0 MPH)
Bottom of the 9th over - 0 runs, 0 hits, 0 errors, 0 left on base; Toronto (WIN) 6 - Oakland (WIN) 0
Tuesday, March 28th , 2023 - OOTP Baseball 23.10 Build 110